 Dungeon Sprint DCSS version 0.22-a0-354-g30dfbe6 (webtiles) character file.

57 Kikal the Sneak (level 3, -4/15 HPs)
             Began as a Felid Enchanter on Apr 16, 2018.
             Slain by a water elemental (19 damage)
             ... in the Dungeon (Sprint III: "The Ten Rune Challenge").
             The game lasted 00:05:16 (1017 turns).

Kikal the Sneak (Felid Enchanter)                   Turns: 1017, Time: 00:05:17

Health: -4/15      AC:  1    Str:  4    XL:     3   Next: 73%
Magic:  8/8        EV: 18    Int: 17    God:
Gold:   34         SH:  0    Dex: 16    Spells: 1/7 levels left
                                        Lives:  0   Deaths: 0

rFire    . . .     SeeInvis +     - Unarmed
rCold    . . .     Gourm    .   (shield unavailable)
rNeg     . . .     Faith    .   (armour unavailable)
rPois    .         Spirit   .   (helmet unavailable)
rElec    .         Reflect  .   (cloak unavailable)
rCorr    .         Harm     .   (gloves unavailable)
MR       .....     NoTele   +   (boots unavailable)
Stlth    ++++......             (no amulet)
HPRegen  0.05/turn              (no ring)
MPRegen  0.11/turn              (no ring)

@: quick
A: very small, no armour, no weapons or thrown items, stealth, claws 1, fangs 3,
see invisible, carnivore, speed 1, shaggy fur 1, slow metabolism 1, sharp paws
a: no special abilities


You were in the Dungeon.
You were not hungry.

You visited 1 branch You collected 34 gold pieces.

Inventory:

Scrolls
 h - a scroll of blinking
 i - 2 scrolls of immolation {unknown}
 j - 3 scrolls of remove curse
 l - a scroll of torment {unknown}
 m - 2 scrolls of identify
Potions
 a - a potion of might {unknown}
 c - a potion of curing
 d - a potion of heal wounds
 e - a potion of haste
 f - 2 potions of magic
 g - 5 potions of mutation
 k - 2 potions of flight
 n - a potion of resistance {unknown}
Comestibles
 b - 3 rations


   Skills:
 - Level 1.0 Fighting
 - Level 2.6 Dodging
 * Level 6.8 Stealth
 * Level 4.4 Unarmed Combat
 + Level 2.7 Spellcasting
 - Level 5.0 Hexes
 + Level 2.6 Ice Magic


You had one spell level left.
You knew the following spells:

 Your Spells              Type           Power        Failure   Level  Hunger
a - Corona                Hex            ###....      2%          1    #......
b - Ensorcelled Hibernat  Hex/Ice        ###...       5%          2    ##.....
c - Confuse               Hex            ###.....     7%          3    ###....


Dungeon Overview and Level Annotations

Branches:
Dungeon (1/1)

Altars:


Innate Abilities, Weirdness & Mutations

You cannot wear armour.
You are incapable of wielding weapons or throwing items.
Your paws allow you to move quietly. (Stealth)
You have sharp claws.
You have razor-sharp teeth.
You have supernaturally acute eyesight. (SInv)
You are carnivorous and can eat meat at any time.
You cover ground quickly.
You are covered in fur. (AC +1)
You have a slow metabolism.
Your sharp claws are effective at attacking unaware monsters.


Message History

You now have 21 gold pieces (gained 13).
g - a bubbling coppery potion;
i - a scroll labeled ICWYISSOLOH
i - 2 scrolls labeled ICWYISSOLOH (gained 1)
j - 2 scrolls of remove curse;
b - 2 rations (gained 1)
g - 2 bubbling coppery potions (gained 1)
k - 2 potions of flight
g - 3 potions of mutation (gained 1);
l - a scroll labeled POLUNU QACE
m - 2 scrolls of identify
j - 3 scrolls of remove curse (gained 1)
b - 3 rations (gained 1);
g - 5 potions of mutation (gained 2)
n - a white potion You now have 34 gold pieces (gained 13).
There is an open door here.
You open the door.
A water elemental comes into view.
There is an open door to the Ecumenical Temple here.
The water elemental completely misses you.
You scratch the water elemental. The water elemental hits you!!
Ouch! That really hurt!
You die...

▓▓▓▓▓▓▓▓ ▓▓▓ #..'...♣♣♣♣
♣.# #..#......♣ ♣.#
####......♣ ♣♣.#
...#....≈.♣♣♣..###+#+###
...#.).≈≈...♣..#........
...#..≈≈≈≈♣.♣..'@E......
##'#..≈≈≈≈≈≈♣♣.#...#####
...#.≈≈≈≈≈≈....#.⌠.#
...#.≈≈≈≈≈.....#...#
...#.≈≈≈.......#+###
####...........#
...............#
▓▓▓▓▓▓▓▓▓▓▓▓▓▓▓▓


You could see a water elemental.

Vanquished Creatures
  Crazy Yiuf (D)
  A human (D)
  2 oozes (D)
  2 rats (D)
6 creatures vanquished.

Vanquished Creatures (others)
  2 draconian scorchers (D)
  6 hellions (D)
  A yaktaur (D)
9 creatures vanquished.

Grand Total: 15 creatures vanquished

Notes
Turn   | Place    | Note
-------+----------+-------------------------------------------
     0 | D        | Kikal the Felid Enchanter began the quest for the Orb.
     0 | D        | Reached XP level 1. HP: 7/7 MP: 4/4
     9 | D        | Reached skill level 5 in Hexes
    36 | D        | Killed a yaktaur
    93 | D        | Killed a hellion
    93 | D        | Killed a hellion
    94 | D        | Killed a hellion
   105 | D        | Killed a hellion
   133 | D        | Killed a hellion
   180 | D        | Killed a white draconian scorcher
   206 | D        | Reached skill level 5 in Stealth
   206 | D        | Reached XP level 2. HP: 12/12 MP: 6/6
   214 | D        | Learned a level 2 spell: Ensorcelled Hibernation
   219 | D        | Killed a white draconian scorcher
   221 | D        | Reached skill level 1 in Fighting
   319 | D        | Killed a hellion
   419 | D        | Reached skill level 6 in Stealth
   419 | D        | Reached skill level 1 in Ice Magic
   419 | D        | Reached XP level 3. HP: 15/15 MP: 0/7
   462 | D        | Learned a level 3 spell: Confuse
   476 | D        | Noticed Crazy Yiuf
   762 | D        | Killed Crazy Yiuf
  1014 | D        | Noticed a water elemental
  1017 | D        | Slain by a water elemental

Vault maps used:
D:        dungeon_sprint_mu

Skill      XL: |  1  2  3 |
---------------+----------+-----
Unarmed Combat | 2 3 4 |  4.4
Hexes          | 5 |  5.0
Stealth        | 5 6 |  6.8
Fighting       | 1 |  1.0
Ice Magic      | 1 2 |  2.6
Dodging        | |  2.6
Spellcasting   | |  2.7

Action                   || total
-------------------------++-------
Melee: Unarmed           ||    17
 Cast: Corona            ||     4
       Ensorcelled Hiber ||    10
       Confuse           ||     1
  Use: Potion            ||     1
 Stab: Sleeping          ||     3
  Eat: Chunk             ||     1
Armor: Skin              ||     1
Dodge: Dodged            ||    18

Table legend:
 A = Spawn XP
 B = Non-spawn XP
 C = Spawn XP percentage of total XP
 D = Spawn monster count
 E = Non-spawn monster count
 F = Spawn count percentage of total count
 G = Total turns spent on level
                    A         B        C        D         E        F      G
               +---------+---------+-------+---------+---------+-------+---------
         Total |       0 |      82 |   0.0 |       0 |       6 |   0.0 |  1017
               +---------+---------+-------+---------+---------+-------+---------
             D |       0 |      82 |   0.0 |       0 |       6 |   0.0 |  1017
               +---------+---------+-------+---------+---------+-------+---------
